 Dungeon Crawl Stone Soup version 0.19.4-8-ga85b6b9 (webtiles) character file.

204 vatarom the Conjurer (level 5, -1/30 HPs)
             Began as a Deep Elf Fire Elementalist on Feb 14, 2017.
             Slain by a worker ant (7 damage)
             ... on level 4 of the Dungeon.
             The game lasted 00:13:24 (4747 turns).

vatarom the Conjurer (Deep Elf Fire Elementalist)   Turns: 4747, Time: 00:13:24

Health: -1/30      AC:  2    Str:  6    XL:     5   Next: 52%
Magic:  2/11       EV: 13    Int: 20    God:
Gold:   239        SH:  0    Dex: 15    Spells: 4 memorised, 1 level left

rFire  + . .     SeeInvis .     h - +0 trident
rCold  x . .     Gourm    .     a - +0 robe
rNeg   + . .     Faith    .     (no shield)
rPois  .         Spirit   .     (no helmet)
rElec  +         Reflect  .     (no cloak)
rCorr  .         Harm     .     e - +0 pair of gloves "Juxkir" {rElec rN+}
MR     .....                    (no boots)
Stlth  ++........               (no amulet)
                                (no ring)
                                f - ring of fire

@: very slightly contaminated
A: deformed body
a: no special abilities


You were on level 4 of the Dungeon.
You were full.

You visited 1 branch of the dungeon, and saw 5 of its levels.

You collected 239 gold pieces.

Inventory:

Hand Weapons
 h - a +0 trident (weapon)
Armour
 a - a +0 robe (worn)
 e - the +0 pair of gloves "Juxkir" (worn) {rElec rN+}
   (You found it on level 4 of the Dungeon)

   It insulates you from electricity.
   It protects you from negative energy.
Jewellery
 f - a ring of fire (left hand)
Wands
 l - a wand of lightning (5/15)
Scrolls
 d - 3 scrolls of recharging
 g - 2 scrolls of teleportation
Potions
 c - a potion of haste
 i - a potion of flight
 j - a potion of agility {unknown}
 k - a potion of heal wounds
Books
 b - a book of Flames

   Spells                             Type                      Level
   a - Flame Tongue                   Conjuration/Fire             1
   b - Throw Flame                    Conjuration/Fire             2
   c - Conjure Flame                  Conjuration/Fire             3
   d - Inner Flame                    Hexes/Fire                   3
   e - Sticky Flame                   Conjuration/Fire             4
   f - Fireball                       Conjuration/Fire             5
Comestibles
 m - 2 chunks of flesh


   Skills:
 - Level 2.0 Fighting
 - Level 2.7 Dodging
 - Level 2.4 Stealth
 - Level 3.0 Spellcasting
 - Level 4.4 Conjurations
 - Level 1.0 Hexes
 + Level 3.8 Fire Magic


You had one spell level left.
You knew the following spells:

 Your Spells              Type           Power        Failure   Level  Hunger
a - Flame Tongue          Conj/Fire      ####.        2%          1    None
b - Throw Flame           Conj/Fire      ####..       4%          2    ##.....
c - Conjure Flame         Conj/Fire      ####....     10%         3    ###....
d - Inner Flame           Hex/Fire       ###.....     17%         3    ###....


Dungeon Overview and Level Annotations

Branches:
Dungeon (5/15)
 Temple: D:4-7

Altars:
Fedhas
Qazlal
Uskayaw
Xom
Yredelemnul

Shops:
D:4 *

Annotations:
D:2 exclusion: oklob plant
D:4 Kosschaser's ghost, amateur DrBe


Innate Abilities, Weirdness & Mutations

Armour fits poorly on your strangely shaped body.


Message History

You drop an uncursed amulet of faith.
The worker ant bites you.
* * * LOW HITPOINT WARNING * * *
Casting: Flame Tongue
Confirm with . or Enter, or press ? or * to list all spells.
Aiming: Flame Tongue
Press: ? - help, Shift-Dir - straight line, f/p - worker ant
Aim: a worker ant (severely wounded)
You feel a surge of power!
The flame tongue hits the worker ant.
The worker ant appears unharmed.
The worker ant is severely wounded.
The worker ant misses you.
Casting: Flame Tongue
Confirm with . or Enter, or press ? or * to list all spells.
Aiming: Flame Tongue
Press: ? - help, Shift-Dir - straight line, f/p - worker ant
Aim: a worker ant (severely wounded)
You feel a surge of power!
The flame tongue hits the worker ant.
The worker ant is almost dead.
The worker ant bites you!
You die...

)....# #.# #.#.#.# #.#.#*
#.###.#.###
....######.....#.#
...............#.###
.......#######.....#
........[.# #.....#
.[..##..#.####.....#
#...###............#
#.....#.......##@###
#..##....#..#.,#a#*
.........##...,...********
##.##.##..###......,,,,,,*
......###..#*##.....,,,,,*
###.######..#*#......,,,,*
........#*#..##.......,,,*
........# *#.##........,,*
........# **.#,,,,,,,,,,,*


You could see a worker ant.

Vanquished Creatures
  An orc wizard (D:4)
  A worker ant (D:4)
  A hound skeleton (D:4)
  4 adders
  An ooze (D:2)
  A worm (D:3)
  An adder skeleton (D:4)
  2 dart slugs
  4 leopard geckos
  8 orcs
  2 ball pythons
  2 giant cockroaches (D:2)
  9 goblins
  9 hobgoblins
  9 jackals
  7 kobolds
  A quokka (D:2)
  4 bats
  2 frilled lizards
  5 rats
74 creatures vanquished.

Notes
Turn   | Place    | Note
-------+----------+-------------------------------------------
     0 | D:1      | vatarom the Deep Elf Fire Elementalist began the quest for the Orb.
     0 | D:1      | Reached XP level 1. HP: 10/10 MP: 6/6
   477 | D:1      | Reached XP level 2. HP: 15/15 MP: 6/8
   575 | D:1      | Learned a level 2 spell: Throw Flame
   622 | D:1      | Gained mutation: You are occasionally teleported next to monsters. [potion of mutation]
   622 | D:1      | Gained mutation: Armour fits poorly on your strangely shaped body. [potion of mutation]
   622 | D:1      | Lost mutation: You are occasionally teleported next to monsters. [potion of mutation]
   641 | D:1      | Reached skill level 2 in Conjurations
  1091 | D:2      | Reached XP level 3. HP: 19/19 MP: 5/9
  1125 | D:2      | Reached skill level 3 in Conjurations
  1215 | D:2      | Learned a level 3 spell: Conjure Flame
  1727 | D:2      | Found a blossoming altar of Fedhas.
  1747 | D:2      | Noticed an oklob plant
  1864 | D:2      | Reached XP level 4. HP: 14/24 MP: 2/10
  1931 | D:2      | Reached skill level 4 in Conjurations
  2062 | D:2      | Learned a level 3 spell: Inner Flame
  2279 | D:3      | Found a shimmering altar of Xom.
  2279 | D:3      | Found a stormy altar of Qazlal.
  2281 | D:3      | Found a hide-covered altar of Uskayaw.
  2646 | D:3      | Noticed a bullfrog
  3167 | D:3      | Reached skill level 1 in Hexes
  3533 | D:4      | Reached skill level 1 in Fighting
  3533 | D:4      | Reached XP level 5. HP: 29/29 MP: 6/11
  4005 | D:4      | Noticed Kosschaser's ghost (amateur DrBe)
  4024 | D:5      | Entered Level 5 of the Dungeon
  4058 | D:5      | Found a basalt altar of Yredelemnul.
  4097 | D:5      | HP: 1/29 [orc priest/divine providence (8)]
  4612 | D:4      | Got a pair of bloodstained gloves
  4613 | D:4      | Identified the +0 pair of gloves "Juxkir" {rElec rN+} (You found it on level 4 of the Dungeon)
  4669 | D:4      | Found Jifoater's Serpentskin Sales.
  4747 | D:4      | Slain by a worker ant

Skill      XL: |  1  2  3  4  5 |
---------------+----------------+-----
Conjurations   | 2 3 4 |  4.4
Hexes          | 1 |  1.0
Fighting       | 1 2 |  2.0
Dodging        | |  2.7
Stealth        | |  2.4
Spellcasting   | |  3.0
Fire Magic     | |  3.8

Action                   |  1- 3 |  4- 6 || total
-------------------------+-------+-------++-------
Melee: Whip              |    10 |       ||    10
       Unarmed           |    45 |       ||    45
       Trident           |       |    11 ||    11
 Cast: Flame Tongue      |    54 |    79 ||   133
       Throw Flame       |     9 |     6 ||    15
       Conjure Flame     |     1 |     2 ||     3
       Inner Flame       |       |     2 ||     2
  Use: Scroll            |     7 |     5 ||    12
       Potion            |     4 |     4 ||     8
 Stab: Sleeping          |       |     1 ||     1
  Eat: Bread ration      |     1 |     2 ||     3
       Fruit             |       |     3 ||     3
       Chunk             |       |     3 ||     3
Armor: Robe              |     2 |     5 ||     7
Dodge: Dodged            |    64 |    40 ||   104
